 Dungeon Crawl Stone Soup version 0.30.0-30-g96aa6591b8 (webtiles) character file.

Game seed: 1032469407435436079

53 Sabo the Trooper (level 3, -1/29 HPs)
             Began as a Demonspawn Monk on June 30, 2023.
             Slain by a gnoll sergeant
             ... wielding a +0 spear
              (5 damage)
             ... on level 2 of the Dungeon.
             The game lasted 00:09:00 (1740 turns).

Sabo the Trooper (Demonspawn Monk)                  Turns: 1740, Time: 00:09:00

Health: -1/29      AC:  5    Str: 13    XL:     3   Next: 62%
Magic:  3/3        EV: 12    Int: 11    God:
Gold:   36         SH:  0    Dex: 15    Spells: 2/2 levels left

rFire   . . .        a - +0 hand axe
rCold   . . .        d - orb {light}
rNeg    . . .        g - +0 ring mail
rPois   .            (no helmet)
rElec   .            (no cloak)
rCorr   .            (no gloves)
SInv    .            (no boots)
Will    .....        (no amulet)
Stlth   +            j - ring of flight
HPRegen 0.24/turn    (no ring)
MPRegen 0.08/turn

%: no passive effects
@: flying, glowing
A: sturdy frame 1
a: no special abilities


You were on level 2 of the Dungeon.
You visited 1 branch of the dungeon, and saw 2 of its levels.

You collected 60 gold pieces.
You spent 24 gold pieces at shops.

Inventory:

Hand Weapons
 a - a +0 hand axe (weapon)
 i - a +0 sling
 m - the +6 hand axe of the Whale {holy, rElec Will+}
   (You found it on level 2 of the Dungeon)

   rElec:     It insulates you from electricity.
   Will:      It increases your willpower.
Missiles
 f - 3 boomerangs (quivered)
Armour
 d - an orb of light (worn)
 g - a +0 ring mail (worn)
Jewellery
 j - a ring of flight (left hand)
Scrolls
 b - a scroll of magic mapping
 e - 3 scrolls of identify
 h - a scroll of blinking
Potions
 c - a potion of ambrosia
 k - 2 potions of heal wounds {unknown}
 l - a potion of curing {unknown}


   Skills:
 + Level 3.4 Fighting
 + Level 3.4 Axes
 + Level 0.9 Armour
 + Level 3.0 Dodging
 + Level 0.1 Stealth


You had 2 spell levels left.
You didn't know any spells.
Your spell library contained the following spells:

 Spells                   Type           Power      Damage    Failure   Level
 Necrotise                Necr           0%         1d4       45%         1
 Ensorcelled Hibernation  Hex/Ice        0%         N/A       61%         2
 Passwall                 Tmut/Erth      0%         N/A       61%         2
 Swiftness                Air            0%         N/A       83%         3
 Vampiric Draining        Necr           0%         2d6       83%         3
 Volatile Blastmotes      Fire/Tloc      0%         2d10      83%         3
 Fulminant Prism          Conj/Hex       0%         3d5       99%         4
 Iskenderun's Mystic Bla  Conj/Tloc      0%         2d3       99%         4
 Agony                    Necr           0%         N/A       100%        5
 Lee's Rapid Deconstruct  Erth           0%         3d4*      100%        5


Dungeon Overview and Level Annotations

Branches:
Dungeon (2/15)

Altars:

Shops:
D:1 ?


Innate Abilities, Weirdness & Mutations

Your movements are slightly less encumbered by armour. (ER -2)


Message History

You see here a +0 club.
You start resting.
HP restored.
You see here a +0 club.
Things that are here:
a +0 spear; a gnoll corpse
Found a hand axe.
You see here the +6 hand axe of the Whale {holy, rElec Will+}.
m - the +6 hand axe of the Whale {holy, rElec Will+}
Found a hand axe.
You reach down and open the door.
A gnoll sergeant comes into view. It is wielding a +0 spear.
Found the +5 woodcutter's axe.
The gnoll sergeant barely misses you.
There is an open door here.
You barely miss the gnoll sergeant.
The gnoll sergeant hits you but does no damage.
The gnoll sergeant hits you with a +0 spear.
You hit the gnoll sergeant but do no damage.
The gnoll sergeant misses you.
You hit the gnoll sergeant but do no damage.
The gnoll sergeant hits you with a +0 spear.
You hit the gnoll sergeant.
The gnoll sergeant is moderately wounded.
The gnoll sergeant closely misses you.
You hit the gnoll sergeant but do no damage.
The gnoll sergeant is moderately wounded.
The gnoll sergeant hits you with a +0 spear!
* * * LOW HITPOINT WARNING * * *
You barely miss the gnoll sergeant.
The gnoll sergeant is moderately wounded.
The gnoll sergeant closely misses you.
You hit the gnoll sergeant.
The gnoll sergeant is moderately wounded.
The gnoll sergeant hits you with a +0 spear.
* * * LOW HITPOINT WARNING * * *
You hit the gnoll sergeant.
The gnoll sergeant is moderately wounded.
The gnoll sergeant hits you with a +0 spear.
You die...

....#........##♣.♣
....#........#♣♣.♣♣
....#.......##♣...♣
'####......##♣♣...♣♣
.# #.....## ♣.....♣
.# #.....# ♣♣)..♣.♣♣
.#
#.....#♣♣..♣....♣♣
.#
#.....#♣........)♣
.#
#######♣.###@###.♣
## ♣.#..g..#.♣
♣)#.....#.♣
♣♣#..)..#♣♣ ###.###
###


You could see a gnoll sergeant.

Vanquished Creatures
  2 gnolls (D:2)
  A worm (D:1)
  4 bats
  4 endoplasms
  3 goblins
  2 hobgoblins (D:1)
  2 jackals (D:1)
  3 quokkas
  2 ball pythons (D:1)
  A frilled lizard (D:1)
  2 kobolds
  3 rats
29 creatures vanquished.

Notes
Turn   | Place    | Note
-------+----------+-------------------------------------------
     0 | D:1      | Sabo the Demonspawn Monk began the quest for the Orb.
     0 | D:1      | Reached XP level 1. HP: 18/18 MP: 1/1
   234 | D:1      | Found Fiobrite's Magic Scroll Emporium.
   243 | D:1      | Bought a scroll of identify for 24 gold pieces
   339 | D:1      | Gained mutation: Your movements are slightly less
                  | encumbered by armour. (ER -2) [demonic ancestry]
   339 | D:1      | Reached XP level 2. HP: 18/24 MP: 2/2
  1381 | D:2      | Reached XP level 3. HP: 29/29 MP: 3/3
  1587 | D:2      | HP: 1/29 [gnoll/+0 spear (2)]
  1723 | D:2      | Identified the +6 hand axe of the Whale {holy, rElec Will+}
  1731 | D:2      | Found the +5 woodcutter's axe
  1731 | D:2      | Noticed a gnoll sergeant
  1740 | D:2      | Slain by a gnoll sergeant

Illustrated notes

Levels and vault maps discovered:
D:1:      lemuel_arrival_cross, layout_loops_cross, serial_shops,
          nicolae_square_shop, chequers_serial_rivers_micro_d,
          minmay_misc_feat_tiny, roderic_roman_lattice, nicolae_wormholes
D:2:      layout_basic, pf_guarded_unrand_woodcutter, uniq_sigmund

Skill      XL: |  1  2  3 |
---------------+----------+-----
Axes           | 3 |  3.4
Dodging        | 3 |  3.0
Fighting       | |  3.4
Armour         | |  0.9
Stealth        | |  0.1

Action                     || total
---------------------------++-------
  Melee: Hand axe          ||    95
    Use: Scroll            ||     2
 Armour: Ring mail         ||    35
         Robe              ||     1
  Dodge: Dodged            ||    63
